AoeStats
← Chris

African Clearing

505978951Analyzed
4v4 RM · 20d ago on Sep 11, 2026· 49m 45s· 8 players
Game mode
Random Map
Map size
Large (8 player)
Population
200
Speed
Normal
Resources
Standard
Victory
Conquest
Starting age
Dark Age
Ending age
Imperial Age
RankedLock teamsTeams togetherTeam positionsShared explorationLock speedFull tech treeHidden civsTurbo modeCheats
Victory
Defeat
🇩🇪 Huns · Germany
1416
+14
🇦🇷 Vikings · Argentina
1411
+14
🇧🇷 Mongols · Brazil
1358
+17
🇬🇧 Britons · United Kingdom
1307
+19
🇩🇪 Vietnamese · Germany
1396
-17
🇪🇸 Vikings · Spain
1392
-17
🇺🇸 Mongols · United States
1368
-16
🇩🇪 Magyars · Germany
1334
-14
Chris
11:48 Feudal Age
12:01 Man-at-Arms
12:33 Arson
12:55 Loom
13:54 Horse Collar
15:57 Double-Bit Axe
18:19 Wheelbarrow
18:05 Town Watch
23:29 Castle Age
22:33 Scale Barding Armor
26:11 Bow Saw
26:38 Bloodlines
29:52 Chain Barding Armor
31:25 Husbandry
39:55 Light Cavalry
41:58 Hand Cart
44:47 Forging
48:40 Iron Casting
ttbenitez
3:39 Loom
13:51 Feudal Age
18:22 Castle Age
16:27 Double-Bit Axe
17:28 Gold Mining
18:14 Scale Barding Armor
17:57 Horse Collar
19:36 Bow Saw
26:36 Fletching
27:32 Bodkin Arrow
28:55 Heavy Plow
29:24 Padded Archer Armor
30:24 Leather Archer Armor
31:56 Wheelbarrow
33:10 Thumb Ring
36:42 Imperial Age
35:21 Hand Cart
36:10 Ballistics
37:56 Gold Shaft Mining
37:12 Stone Mining
38:36 Chemistry
37:37 Bracer
38:07 Ring Archer Armor
37:42 Husbandry
37:52 Bloodlines
37:50 Elite Skirmisher
39:43 Two-Man Saw
39:46 Conscription
40:18 Parthian Tactics
40:26 Imperial Skirmisher
40:33 Heavy Cavalry Archer
41:52 Corvinian Army
42:14 Scale Barding Armor
43:44 Recurve Bow
44:49 Crop Rotation
44:24 Elite Magyar Huszar
45:52 Chain Barding Armor
Aspirante
10:54 Loom
13:37 Feudal Age
17:26 Castle Age
31:48 Fletching
33:03 Double-Bit Axe
37:13 Padded Archer Armor
36:37 Elite Skirmisher
39:46 Ballistics
40:11 Bodkin Arrow
43:32 Leather Archer Armor
44:58 Horse Collar
45:36 Scale Mail Armor
45:46 Forging
45:10 Pikeman
45:51 Squires
47:43 Iron Casting
Cronik
10:24 Loom
12:29 Feudal Age
13:19 Double-Bit Axe
17:19 Fletching
25:16 Castle Age
23:49 Padded Archer Armor
25:18 Crossbowman
26:01 Bodkin Arrow
27:25 Bow Saw
26:56 Horse Collar
28:38 Ballistics
31:42 Town Watch
38:51 Thumb Ring
41:52 Wheelbarrow
44:23 Imperial Age
42:03 Gold Mining
42:03 Stone Mining
42:43 Heavy Plow
43:22 Hand Cart
43:06 Elite Skirmisher
44:30 Stone Mining
45:12 Leather Archer Armor
44:40 Treadmill Crane
44:35 Arbalester
45:18 Imperial Skirmisher
47:13 Two-Man Saw
46:17 Bracer
46:47 Ring Archer Armor
48:51 Squires
48:12 Pikeman
49:16 Scale Mail Armor
49:26 Forging
49:11 Halberdier
Hidemypond
6:29 Loom
13:23 Feudal Age
19:44 Double-Bit Axe
22:30 Castle Age
20:53 Gold Mining
21:40 Fletching
21:51 Padded Archer Armor
22:42 Crossbowman
26:13 Pikeman
33:45 Bodkin Arrow
34:27 Scale Mail Armor
37:28 Wheelbarrow
36:39 Town Watch
40:13 Stone Mining
42:24 Elite Skirmisher
48:10 Imperial Age
46:13 Leather Archer Armor
47:13 Ballistics
48:14 Arbalester
danntheman
8:56 Loom
12:01 Feudal Age
13:48 Double-Bit Axe
21:55 Castle Age
21:49 Bloodlines
21:34 Horse Collar
21:50 Gold Mining
22:37 Husbandry
22:29 Fletching
24:47 Bow Saw
26:08 Bodkin Arrow
27:49 Padded Archer Armor
28:14 Ballistics
29:34 Town Watch
31:17 Wheelbarrow
32:49 Leather Archer Armor
33:57 Hand Cart
34:03 Scale Barding Armor
35:18 Thumb Ring
36:17 Heavy Plow
40:44 Imperial Age
39:24 Forging
41:08 Marauders
41:31 Chain Barding Armor
40:50 Elite Tarkan
43:01 Plate Barding Armor
43:33 Conscription
46:08 Iron Casting
46:20 Bracer
47:48 Parthian Tactics
48:27 Blast Furnace
50:15 Chemistry
50:26 Masonry
Ringss12x
6:58 Loom
12:30 Feudal Age
13:12 Double-Bit Axe
13:12 Horse Collar
18:42 Wheelbarrow
20:44 Town Watch
24:59 Castle Age
23:32 Fletching
25:02 Padded Archer Armor
26:28 Bow Saw
26:13 Gold Mining
27:03 Bodkin Arrow
27:21 Bloodlines
28:59 Ballistics
31:35 Husbandry
35:24 Gold Shaft Mining
37:25 Hand Cart
38:12 Leather Archer Armor
38:03 Stone Mining
44:07 Imperial Age
41:17 Light Cavalry
42:08 Forging
42:18 Scale Barding Armor
42:25 Murder Holes
44:24 Chain Barding Armor
44:41 Iron Casting
44:14 Elite Mangudai
45:14 Conscription
44:42 Hussar
45:30 Bracer
47:24 Chemistry
47:00 Parthian Tactics
48:04 Blast Furnace
49:48 Thumb Ring
Ginger Ale
8:48 Loom
12:59 Feudal Age
14:50 Double-Bit Axe
17:45 Castle Age
18:31 Fletching
21:22 Horse Collar
24:08 Bodkin Arrow
24:18 Elite Skirmisher
26:43 Crossbowman
30:12 Bow Saw
30:10 Padded Archer Armor
36:05 Town Watch
37:12 Leather Archer Armor
39:33 Stone Mining
39:33 Gold Mining
40:18 Gold Mining
44:19 Heavy Plow
44:31 Forging
46:04 Ballistics
48:01 Scale Mail Armor
48:37 Iron Casting
49:38 Chain Mail Armor
50:21 Squires
Connection lost

Rejoining the realm…

Still unreachable

The connection could not be restored.

Session expired

The server has moved on; the page needs a fresh start.